 Dungeon Crawl Stone Soup version 0.22.0-49-gab54619 (webtiles) character file.

226 dvd the Conjurer (level 5, 0/28 HPs)
             Began as a Deep Elf Conjurer on Sept 4, 2018.
             Slain by an orc priest
             ... wielding a +2 mace of protection
              (1 damage)
             ... on level 4 of the Dungeon.
             The game lasted 00:07:31 (3113 turns).

dvd the Conjurer (Deep Elf Conjurer)                Turns: 3113, Time: 00:07:31

Health: 0/28       AC:  5    Str:  5    XL:     5   Next: 69%
Magic:  1/14       EV: 13    Int: 21    God:
Gold:   159        SH:  0    Dex: 15    Spells: 4/14 levels left

rFire    . . .     SeeInvis .   g - +0 short sword
rCold    . . .     Gourm    .   (no shield)
rNeg     . . .     Faith    .   a - +0 robe
rPois    .         Spirit   .   (no helmet)
rElec    .         Reflect  .   b - scarf {repulsion}
rCorr    .         Harm     .   e - +2 pair of gloves
MR       .....                  (no boots)
Stlth    ++........             (no amulet)
HPRegen  0.09/turn              (no ring)
MPRegen  0.14/turn              (no ring)

@: very slightly contaminated, hasted, invisible, repel missiles, very quick
A: no striking features
a: no special abilities


You were on level 4 of the Dungeon.
You were hungry.

You visited 1 branch of the dungeon, and saw 4 of its levels.

You collected 159 gold pieces.

Inventory:

Hand Weapons
 g - a +0 short sword (weapon)
Armour
 a - a +0 robe (worn)
 b - a scarf of repulsion (worn)
 d - a scarf of spirit shield
 e - a +2 pair of gloves (worn)
Jewellery
 n - an uncursed ring of fire
Scrolls
 f - 2 scrolls of teleportation
 j - a scroll of fog
 k - 3 scrolls of identify
 o - a scroll of remove curse
Potions
 r - a potion of might
Comestibles
 c - 5 rations


   Skills:
 + Level 0.2 Short Blades
 + Level 3.1 Dodging
 - Level 2.5 Stealth
 + Level 5.1 Spellcasting
 + Level 6.5 Conjurations


You had 4 spell levels left.
You knew the following spells:

 Your Spells              Type           Power        Failure   Level  Hunger
a - Magic Dart            Conj           ####         1%          1    None
b - Searing Ray           Conj           ####..       1%          2    None
c - Dazzling Spray        Conj/Hex       ###...       9%          3    ##.....
d - Iskenderun's Mystic   Conj           ####....     8%          4    ####...

Your spell library contained the following spells:

 Spells                   Type           Power        Failure   Level  Hunger
 Force Lance              Conj/Tloc      ###.....     28%         4    ####...
 Fulminant Prism          Conj/Hex       ###.......   28%         4    ####...


Dungeon Overview and Level Annotations

Branches:
Dungeon (4/15)
 Temple: D:4-7

Altars:
Fedhas
Okawaru
Xom
Zin


Message History

Casting: Searing Ray (safe; 1% risk of failure)
Confirm with . or Enter, or press ? or * to list all spells.
Aiming: Searing Ray (safe; 1% risk of failure)
Press: ? - help, Shift-Dir - straight line, f/p - orc priest
Aim: an orc priest, wielding a mace of protection (severely wounded)
The searing ray misses the orc priest. (Press . to maintain the ray.)
You aren't carrying any items that you can evoke.
Without enough magic to sustain it, your searing ray dissipates.
The orc priest hits you with a mace of protection.
* * * LOW HITPOINT WARNING * * *
Unknown command.
Unknown command.
It was a potion of invisibility.
You fade into invisibility!
The orc priest hits you but does no damage.
You are very lightly contaminated with residual magic.
It was a potion of haste.
You feel yourself speed up.
The orc priest hits you with a mace of protection.
You die...

... #....§#....# ....
#..........# #....
#.....§....# +....
#..........#
....####..(....#### ##
#.##............#
..#.##..........#..######
##.#.#
####...##o#.>.......
.#>#.# #...##@##...##...
.#.#.# #...##+#...o....
.#.#.# #.........oo....
.#.#.# #.............)..
...#.# ###........#.....
.....## ##........#.....
####..# #.....#.#.# .##
##.## ##.....#...
#..####.......<##


You could see an orc priest.

Vanquished Creatures
  A water moccasin skeleton (D:4)
  A hound (D:4)
  An orc wizard (D:3)
  2 adders (D:2)
  2 worms (D:2)
  A dart slug (D:3)
  7 leopard geckos
  5 orcs
  2 giant cockroaches
  14 goblins
  7 hobgoblins
  2 quokkas
  11 bats
  6 frilled lizards
  8 kobolds
  A leopard gecko skeleton (D:4)
  8 rats
79 creatures vanquished.

Notes
Turn   | Place    | Note
-------+----------+-------------------------------------------
     0 | D:1      | dvd the Deep Elf Conjurer began the quest for the Orb.
     0 | D:1      | Reached XP level 1. HP: 10/10 MP: 6/6
   358 | D:1      | Reached XP level 2. HP: 15/15 MP: 6/8
   394 | D:1      | Learned a level 2 spell: Searing Ray
   461 | D:1      | Reached skill level 5 in Conjurations
   858 | D:1      | Found a glowing golden altar of the Shining One.
   860 | D:1      | Found a burning altar of Makhleb.
   860 | D:1      | Found a shimmering altar of Xom.
   862 | D:1      | Found an ancient bone altar of Kikubaaqudgha.
   862 | D:1      | Found a bloodstained altar of Trog.
   862 | D:1      | Found a shimmering altar of Xom.
   982 | D:2      | Reached XP level 3. HP: 19/19 MP: 6/9
  1151 | D:2      | Learned a level 3 spell: Dazzling Spray
  1200 | D:2      | Found a blossoming altar of Fedhas.
  1426 | D:2      | Reached XP level 4. HP: 22/24 MP: 1/11
  2289 | D:3      | Reached skill level 6 in Conjurations
  2443 | D:3      | Found a glowing silver altar of Zin.
  2444 | D:3      | Found an iron altar of Okawaru.
  2566 | D:3      | Learned a level 4 spell: Iskenderun's Mystic Blast
  2799 | D:3      | Reached XP level 5. HP: 28/28 MP: 11/13
  2987 | D:4      | Found a shimmering altar of Xom.
  3102 | D:4      | Reached skill level 5 in Spellcasting
  3111 | D:4      | HP: 1/28 [orc priest/mace of protection (4)]
  3113 | D:4      | Slain by an orc priest

Skill      XL: |  1  2  3  4  5 |
---------------+----------------+-----
Conjurations   | 5 6 |  6.5
Spellcasting   | 4 5 |  5.1
Dodging        | 3 |  3.1
Short Blades   | |  0.2
Stealth        | |  2.5

Action                   |  1- 3 |  4- 6 || total
-------------------------+-------+-------++-------
Melee: Short sword       |     2 |     4 ||     6
 Cast: Magic Dart        |    71 |    43 ||   114
       Searing Ray       |     2 |    10 ||    12
  Use: Scroll            |       |     8 ||     8
       Potion            |       |     2 ||     2
  Eat: Chunk             |     1 |     5 ||     6
Armor: Robe              |    15 |     6 ||    21
Dodge: Dodged            |    26 |     9 ||    35
       Deflected         |     3 |     4 ||     7
